 Dungeon Crawl Stone Soup version 0.27.1-37-g7b29ead8ac (console) character file.

Game seed: 527830546113630935

459 grimtooth the Chiller (level 6, -6/67 HPs)
             Began as a Demigod Ice Elementalist on Apr 7, 2023.
             Splashed by an acid dragon's acid (11 damage)
             ... on level 7 of the Dungeon.
             The game lasted 00:23:13 (4730 turns).

grimtooth the Chiller (Demigod Ice Elementalist)    Turns: 4730, Time: 00:23:14

Health: -6/67      AC: 23    Str:  9    XL:     6   Next: 48%
Magic:  18/21      EV:  2    Int: 25    God:
Gold:   66         SH:  0    Dex: 14    Spells: 1/9 levels left

rFire    . . .     SeeInvis .   s - +2 dagger (speed)
rCold    . . .     Faith    .   (no shield)
rNeg     + + +     Spirit   .   (armour currently unavailable)
rPois    +         Reflect  .   (helmet currently unavailable)
rElec    .         Harm     .   (cloak currently unavailable)
rCorr    .         Rampage  .   (gloves currently unavailable)
Will     .....     NoTele   +   (boots currently unavailable)
Stlth    ++........             (no amulet)
HPRegen  0.21/turn              f - ring of magical power
MPRegen  0.17/turn              (no ring)

@: tree-form
A: stationary, stasis, torment immunity, boosted hp, high mp 1, forlorn
a: no special abilities


You were on level 7 of the Dungeon.
You were a tree.
You visited 1 branch of the dungeon, and saw 5 of its levels.

You collected 201 gold pieces.
You spent 135 gold pieces at shops.

Inventory:

Hand Weapons
 e - a +0 dagger
 s - a +2 dagger of speed (weapon)
Missiles
 b - 19 stones (quivered)
 j - 66 sling bullets
 n - 30 poisoned darts
 o - 8 boomerangs
Armour
 a - a +0 robe (melded)
 p - a +0 cloak (melded)
 t - a +0 helmet (melded)
Jewellery
 f - a ring of magical power (left branch)
 h - a ring of flight
Scrolls
 c - a scroll of amnesia {unknown}
 d - a scroll of holy word {unknown}
 i - a scroll of teleportation
 l - 2 scrolls of silence
 q - a scroll of identify {unknown}
 u - a scroll of noise {unknown}
 v - a scroll of magic mapping {unknown}
Potions
 m - 2 potions of attraction
 r - a potion of degeneration {unknown}
 w - a potion of mutation {unknown}
 A - a potion of haste {unknown}


   Skills:
 - Level 2.4 Dodging
 - Level 2.6 Stealth
 - Level 2.4 Spellcasting
 + Level 2.8 Fire Magic
 * Level 6.0 Ice Magic


You had one spell level left.
You knew the following spells:

 Your Spells              Type           Power      Damage    Failure   Level
a - Freeze                Ice            100%       1d11      1%          1
b - Foxfire               Conj/Fire      40%        2x1d6     6%          1
c - Frozen Ramparts       Ice            66%        1d8       2%          3
o - Ozocubu's Armour      Ice            33%        N/A       2%          3

Your spell library contained the following spells:

 Spells                   Type           Power      Damage    Failure   Level
 Slow                     Hex            3%         N/A       16%         2
 Conjure Flame            Conj/Fire      10%        6-21      19%         3
 Inner Flame              Hex/Fire       10%        N/A       19%         3
 Hailstorm                Conj/Ice       18%        3d6       30%         4
 Confusing Touch          Hex            3%         N/A       32%         3
 Metabolic Englaciation   Hex/Ice        9%         N/A       65%         5
 Yara's Violent Unravell  Hex/Tmut       1%         3d3       96%         5
 Simulacrum               Ice/Necr       9%         N/A       99%         6


Dungeon Overview and Level Annotations

Branches:
Dungeon (7/15)
 Temple: D:4-7

Shops:
D:2 [   D:3 *

Annotations:
D:3 Sigmund
D:7 Harold


Innate Abilities, Weirdness & Mutations

You are a tree.
Your roots penetrate the ground, keeping you stationary.
You cannot be teleported.
You are immune to unholy pain and torment.
Your maximum health is greatly increased.
Your equipment is partially melded.
Your attributes grow dramatically as you level up.
You have an increased reservoir of magic. (+10% MP)
You shall have no god before yourself.


Message History

The acid dragon is moderately wounded.
The acid dragon bites you!
* * * LOW HITPOINT WARNING * * *
The acid dragon claws you.
* * * LOW HITPOINT WARNING * * *
Casting: Freeze (safe; 1% risk of failure)
Confirm with . or Enter, or press ? or * to list all spells.
Aiming: Freeze (safe; 1% risk of failure)
Press: ? - help, Shift-Dir - straight line, f/p - acid dragon
Aim: an acid dragon (moderately wounded, catching its breath)
You freeze the acid dragon.
The acid dragon is heavily wounded.
The acid dragon bites you but does no damage.
The acid dragon claws you.
* * * LOW HITPOINT WARNING * * *
As you read the scroll labelled COL ESISOFRIDAO, it crumbles to dust.
You feel strangely unstable.
It was a scroll of teleportation.
The acid dragon bites you.
* * * LOW HITPOINT WARNING * * *
The acid dragon completely misses you.
It was a potion of lignification.
You turn into a tree.
Your +0 cloak melds into your body.
Your +0 helmet melds into your body.
Your +0 robe melds into your body.
Your roots penetrate the ground.
You feel strangely stable.
The acid dragon bites you but does no damage.
The acid dragon claws you but does no damage.
Press: ? - help, v - describe, . - travel
Here: an acid dragon (heavily wounded)
The floor.
Casting: Freeze (safe; 1% risk of failure)
Confirm with . or Enter, or press ? or * to list all spells.
Aiming: Freeze (safe; 1% risk of failure)
Press: ? - help, Shift-Dir - straight line, f/p - acid dragon
Aim: an acid dragon (heavily wounded)
You freeze the acid dragon.
The acid dragon is heavily wounded.
The acid dragon spits acid at you.
The splash of acid hits you but does no damage.
You are splashed with acid!
You die...

##........###########...#.
##########'####### #...##
...........# #...#
####.#####.# #####
.........###
.###.###.#.#######
#.............#
#######.#####.# #.# #.#
#.# #.# ## #.# #♣# #+#K ..
#.# #D# .....
##.##.#####K#####KK....
#..........@K.K@KK.....
###..##.#####.#####KK....
#.......# #.# K....
####+##.# #.# ....
#.....## #.# ... #.....#
#.# ## #.....######.#
#.....'......#


You could see Harold, an acid dragon (catching breath), a kobold brigand and a
kobold.

Vanquished Creatures
  A steam dragon (D:7)
  A bullfrog (D:7)
  A scorpion (D:7)
  An orc wizard (D:3)
  Robin (D:3)
  7 adders
  An ufetubus (D:7)
  2 worms
  2 dart slugs (D:2)
  11 orcs (D:3)
  6 endoplasms
  2 giant cockroaches (D:2)
  14 goblins
  9 hobgoblins
  8 quokkas
  2 ball pythons
  2 bats
  2 frilled lizards (D:1)
  7 kobolds
  4 rats
84 creatures vanquished.

Vanquished Creatures (others)
  41 foxfires
41 creatures vanquished.

Grand Total: 125 creatures vanquished

Notes
Turn   | Place    | Note
-------+----------+-------------------------------------------
     0 | D:1      | grimtooth the Demigod Ice Elementalist began the quest for
                  | the Orb.
     0 | D:1      | Reached XP level 1. HP: 14/14 MP: 5/5
   780 | D:1      | Reached XP level 2. HP: 16/20 MP: 7/7
  1541 | D:2      | Reached XP level 3. HP: 25/26 MP: 8/8
  1586 | D:2      | Found Azargh's Armour Shop.
  1816 | D:2      | Reached skill level 4 in Ice Magic
  2499 | D:2      | Learned a level 1 spell: Foxfire
  2576 | D:3      | Reached XP level 4. HP: 33/33 MP: 10/10
  2829 | D:3      | Reached skill level 1 in Fire Magic
  3679 | D:3      | Reached XP level 5. HP: 38/38 MP: 11/11
  3733 | D:3      | Noticed Robin
  3747 | D:3      | Killed Robin
  3948 | D:3      | Found Hiqeerey's Assorted Antiques.
  3952 | D:3      | Bought a scroll labelled TEPYMI SYDUDI for 25 gold pieces
  3952 | D:3      | Bought a sedimented dark potion for 22 gold pieces
  3952 | D:3      | Bought a lumpy green potion for 22 gold pieces
  3952 | D:3      | Bought a fizzy puce potion for 22 gold pieces
  3952 | D:3      | Bought a purple potion for 22 gold pieces
  3952 | D:3      | Bought an inky potion for 22 gold pieces
  3992 | D:3      | Noticed Sigmund
  4120 | D:4      | Reached skill level 5 in Ice Magic
  4201 | D:4      | You fall into a shaft and drop 3 floors!
  4201 | D:7      | Noticed a water moccasin
  4208 | D:7      | Learned a level 3 spell: Frozen Ramparts
  4212 | D:7      | Learned a level 3 spell: Ozocubu's Armour
  4276 | D:7      | Noticed an orc warrior
  4406 | D:7      | Noticed a steam dragon
  4412 | D:7      | HP: 1/38 [steam dragon/ball of steam (12)]
  4416 | D:7      | Killed a steam dragon
  4417 | D:7      | Reached XP level 6. HP: 13/45 MP: 12/12
  4668 | D:7      | Reached skill level 6 in Ice Magic
  4711 | D:7      | Noticed Harold
  4711 | D:7      | Noticed an acid dragon
  4714 | D:7      | - now isnt this great
  4730 | D:7      | Splashed by an acid dragon's acid

Illustrated notes

.#####.# ##### .....###
.###.#.#######
.............#
######.#####.# #.# #.#
#.# #.# ## #.# #.# #+#.
.. #.# #.# .K.K@
##.##.#####.#####....K.
#..............@+D...K.
##..##.#####.#####......
.......# #.# .....
###+##.# #.# ....
#.....## #.# ... #.....#
#.# ## #.....######.#
#.....'......#
#.(...########
+.............
#.....########


Turn 4714 on D:7: - now isnt this great

Levels and vault maps discovered:
D:1:      scummos_arrival_forest, layout_basic,
          shapermc_ecumenical_altar_ellora, hangedman_decor_riveting
D:2:      layout_basic, serial_shops, shop, minmay_misc_feat_diagonals,
          st_stairs_6
D:3:      layout_loops_ring, serial_shops, shop, minmay_misc_feat_pillars,
          uniq_sigmund, uniq_robin
D:4:      layout_basic, mainiacjoe_overflow_catwalk,
          minmay_misc_feat_four_crosses
D:7:      layout_basic, uniq_harold

Skill      XL: |  1  2  3  4  5  6 |
---------------+-------------------+-----
Stealth        | 2 |  2.6
Dodging        | 2 |  2.4
Spellcasting   | 2 |  2.4
Ice Magic      | 4 5 6 |  6.0
Fire Magic     | 1 2 |  2.8

Action                   |  1- 3 |  4- 6 || total
-------------------------+-------+-------++-------
Melee: Dagger            |     4 |    15 ||    19
Throw: Stone             |    72 |    11 ||    83
 Cast: Freeze            |    72 |    63 ||   135
       Foxfire           |     1 |    23 ||    24
  Use: Potion            |       |     7 ||     7
       Scroll            |       |     2 ||     2
 Stab: Sleeping          |     2 |     9 ||    11
Armor: Robe              |     7 |    13 ||    20
       Skin              |       |     3 ||     3
Dodge: Dodged            |    26 |    42 ||    68
